 Dungeon Crawl Stone Soup version 0.30-a0-509-gd016549fea (webtiles) character file.

Game seed: 11236373571438295423

327348 zishaf the Warrior (level 22, -1/164 (170) HPs)
             Began as a Djinni Venom Mage on Dec 22, 2022.
             Was the Champion of Makhleb.
             Slain by a caustic shrike (31 damage)
             ... on level 2 of the Depths.
             The game lasted 01:52:14 (56357 turns).

zishaf the Warrior (Djinni Venom Mage)             Turns: 56357, Time: 01:52:14

HP:   -1/164 (170)  AC: 11    Str:  5    XL:     22   Next: 64%
Gold: 3671          EV: 14    Int: 28    God:    Makhleb [******] SH: 12 Dex: 20

rFire   + + .      SeeInvis +    a - +8 double sword (spect)
rCold   + . .      Faith    .    K - +0 buckler
rNeg    . . .      Spirit   .    t - +3 leather armour {rC+}
rPois   ∞          Reflect  +    x - +1 hat {Will+}
rElec   .          Harm     .    P - +2 cloak
rCorr   .          Rampage  .    c - +2 pair of gloves
Will    +++..      Clarity  +    (boots unavailable)
Stlth   ++........               H - amulet of Myogguff {Reflect SH+5 SInv}
HPRegen 0.47/turn                d - +4 ring of protection
MPRegen 0.00/turn                e - ring of protection from cold

@: corroded, flying, lightly drained
A: sickness immunity, fire resistance 2, cold vulnerability 1, float, innate
caster, HP casting, extra vitality 1, iridescent scales 1, agile 1, clarity,
clever 1, screaming 1
}: 2/15 runes: barnacled, gossamer
a: Renounce Religion, Minor Destruction, Lesser Servant of Makhleb, Major
Destruction, Greater Servant of Makhleb


You were on level 2 of the Depths.
You worshipped Makhleb.
Makhleb was exalted by your worship.
You visited 7 branches of the dungeon, and saw 34 of its levels.
You also visited: Ice Cave.

You collected 3903 gold pieces.
You spent 232 gold pieces at shops.

Inventory:

Hand Weapons
 a - a +8 spectral double sword (weapon)
 M - the +10 rapier of Gitsi {freeze, rElec rCorr}
   (You took it off a gnoll bouda on level 1 of the Orcish Mines)

   It freezes those it strikes, dealing additional cold damage.
   It can also slow down cold-blooded creatures.
   rElec:     It insulates you from electricity.
   rCorr:     It protects you from acid and corrosion.
Missiles
 s - 8 throwing nets
Armour
 c - a +2 pair of gloves (worn)
 t - a +3 leather armour of cold resistance (worn)
 x - a +1 hat of willpower (worn)
 K - a +0 buckler (worn)
 P - a +2 cloak (worn)
Magical Staves
 b - a staff of poison
 w - a staff of fire
Jewellery
 d - a +4 ring of protection (left hand)
 e - a ring of protection from cold (right hand)
 q - an amulet of regeneration
 A - a +4 ring of evasion
 H - the amulet of Myogguff (around neck) {Reflect SH+5 SInv}
   (You found it on level 2 of the Lair of Beasts)

   [amulet of reflection]

   It reflects blocked missile attacks.
   SInv:      It lets you see invisible.
   SH:        It affects your SH (+5).
 R - a ring of protection from cold
 S - a +6 ring of strength
Wands
 j - a wand of light (11)
 n - a wand of iceblast (9)
 r - a wand of polymorph (18)
 u - a wand of charming (13)
 y - a wand of mindburst (9)
 D - a wand of flame (31)
 L - a wand of digging (3)
Scrolls
 p - 3 scrolls of poison
 z - 7 scrolls of enchant armour
 B - 2 scrolls of brand weapon
 E - 6 scrolls of summoning
 F - 15 scrolls of identify
 G - 2 scrolls of teleportation
 J - 2 scrolls of fog
 Q - 5 scrolls of magic mapping
 T - 4 scrolls of fear
 W - a scroll of blinking
 X - a scroll of enchant weapon
Potions
 f - 4 potions of might
 g - 8 potions of brilliance
 i - 9 potions of resistance
 k - 13 potions of curing
 l - 3 potions of heal wounds
 m - 8 potions of ambrosia
 v - 9 potions of lignification
 C - 4 potions of haste
 I - 3 potions of invisibility
 U - 2 potions of mutation
Miscellaneous
 h - a phantom mirror
 N - a tin of tremorstones (2/2)
 O - a lightning rod (4/4)
 V - a phial of floods


   Skills:
 + Level 18.3 Fighting
 + Level 13.5 Long Blades
 - Level 4.0 Armour
 - Level 6.0 Dodging
 - Level 1.5 Stealth
 - Level 8.0 Shields
 + Level 16.0 Spellcasting
 + Level 17.4 Invocations
 + Level 9.1 Evocations


You couldn't memorise any spells.
You knew the following spells:

 Your Spells              Type           Power      Damage    Failure   Level
a - Inner Flame           Hex/Fire       85%        N/A       1%          3
b - Poisonous Vapours     Pois/Air       100%       N/A       0%          2
c - Lightning Bolt        Conj/Air       42%        1d62      1%          5
d - Lee's Rapid Deconstr  Erth           42%        3d21*     1%          5
e - Starburst             Conj/Fire      42%        6d12      1%          6
z - Mephitic Cloud        Conj/Pois/Air  85%        N/A       1%          3
A - Olgreb's Toxic Radia  Pois           85%        N/A       1%          4
B - Conjure Ball Lightni  Conj/Air       42%        3x3d15    1%          6
C - Dazzling Flash        Conj/Hex       100%       N/A       1%          3
D - Dispersal             Tloc           42%        N/A       1%          6
E - Malign Gateway        Summ/Tloc      42%        N/A       4%          7
W - Ensorcelled Hibernat  Hex/Ice        100%       N/A       0%          2
X - Kiss of Death         Conj/Necr      100%       2d13      0%          1
Y - Sting                 Tmut/Pois      100%       1d8       0%          1
Your spell library was empty.

Dungeon Overview and Level Annotations

Branches:
Dungeon (15/15)            Temple (1/1) D:6            Lair (5/5) D:11
 Shoals (4/4) Lair:3       Spider (4/4) Lair:3        Slime (0/5) Lair:4
    Orc (2/2) D:10            Elf (0/3) Orc:2        Vaults (0/5) D:13
 Depths (3/4) D:15          IceCv (visited)

Altars:
Ashenzari
Cheibriados
Dithmenos
Elyvilon
Fedhas
Gozag
Hepliaklqana
Makhleb
Nemelex Xobeh
Okawaru
Qazlal
Ru
Trog
Uskayaw
Wu Jian
Xom
Yredelemnul
Zin
The Shining One
Jiyva

Shops:
D:4 (   Orc:2 =([[(   Shoals:1 *   Shoals:2 :

Portals:
Hell: Depths:1 Depths:2
Pandemonium: Depths:1 Depths:2 Depths:3


Innate Abilities, Weirdness & Mutations

You are immune to sickness and miasma.
You are immune to poison.
Your flesh is very heat resistant. (rF++)
You are vulnerable to cold. (rC-)
You float through the air rather than walking.
You learn spells naturally, not from books.
Your magical power is your life essence.
You have superior vitality. (+4 MHP)
You are partially covered in iridescent scales. (AC +2)
You are agile. (Dex +4, Str/Int -1)
You possess an exceptional clarity of mind.
Your mind is acute. (Int +4, Str/Dex -1)
You occasionally shout uncontrollably at your foes.


Message History

There is a stone staircase leading down, spattered with blood here.
You slice the caustic shrike!!
The caustic shrike is moderately wounded.
The caustic shrike completely misses you.
You block the caustic shrike's attack.
Okay, then.
You hit the caustic shrike.
The caustic shrike is moderately wounded.
The caustic shrike misses you.
You slice the caustic shrike!!
The caustic shrike is heavily wounded.
The caustic shrike claws you!!
You are splashed with acid!
The caustic shrike barely misses you.
Casting: Lightning Bolt (safe; 1% risk of failure)
Confirm with . or Enter, or press ? or * to list all spells.
Aiming: Inner Flame (safe; 1% risk of failure)
Press: ? - help, Dir - move target, f - caustic shrike
Aim: a caustic shrike (heavily wounded, chance to affect: 73%)
The caustic shrike struggles to resist.
The caustic shrike closely misses you. The caustic shrike claws you!
You are splashed with acid!
* * * LOW HITPOINT WARNING * * *
You hit the caustic shrike.
The caustic shrike is heavily wounded.
The caustic shrike claws you!
* * * LOW HITPOINT WARNING * * *
The acid corrodes you!
You are splashed with acid!
* * * LOW HITPOINT WARNING * * *
The caustic shrike barely misses you.
Aiming: Bolt of Light
Press: ? - help, Shift-Dir - straight line, f/p - caustic shrike
Aim: a caustic shrike (heavily wounded, 48% to hit)
The bolt of light misses the caustic shrike.
The caustic shrike closely misses you. You block the caustic shrike's attack.
Aiming: Bolt of Light
Press: ? - help, Shift-Dir - straight line, f/p - caustic shrike
Aim: a caustic shrike (heavily wounded, 48% to hit)
The bolt of light hits the caustic shrike!!
The caustic shrike is severely wounded.
The caustic shrike is blinded.
The caustic shrike claws you!!
You die...

##.....<.[....## ### #
##.....[..?...##
###.............#
..#..........(..##
.................##
#####(.#.#######..##
...................#
#.#.#...#..###'#####
............?..b@#
#.....#..#####'#######
.................#...#
#...#..#########.##.##
#.................#.##
#....................##
......................#
..................#...# ###
#......)..........##.♣♣♣###
##.#


You could see a caustic shrike (blind).

Vanquished Creatures
  Bai Suzhen (Shoals:4)
  An Ice Fiend (IceCv)
  A lich (Depths:2)
  Mlioglotl (Shoals:2)
  The ghost of Danakkis the Severer, an adept DsBe of Trog (Shoals:1)
  Polyphemus (Shoals:2)
  A kraken (Shoals:1)
  Gastronok (D:8)
  A sphinx (Shoals:4)
  A shadow dragon (Depths:2)
  2 tengu reavers (Depths:2)
  The ghost of lesbiats the Brawler, a journeyman TrFi of Wu Jian (Spider:1)
  2 fire giants
  An iron dragon (Depths:3)
  7 ghost moths
  5 frost giants
  5 emperor scorpions
  A cacodemon (Depths:1)
  The ghost of Ganul the Bludgeoner, a journeyman DsGl of Hepliaklqana (D:15)
  Aizul (Spider:1)
  A reaper (Depths:2)
  The ghost of jejorda2 the Phalangite, a journeyman MfBe of Trog (Lair:5)
  An ironbound preserver (D:13)
  5 broodmothers
  6 stone giants
  3 very ugly things
  Nessos (Lair:4)
  5 deep elf annihilators (Depths:2)
  3 minotaurs (Shoals:4)
  8 spark wasps
  6 statues (Depths:2)
  The ghost of Dramamine the Cleaver, a journeyman DsWn of Wu Jian (Orc:1)
  2 fire dragons (Depths:2)
  A merfolk javelineer (Shoals:2)
  3 ettins
  5 merfolk impalers
  4 entropy weavers
  4 ice dragons
  5 rakshasas
  The ghost of demibob the Grappler, a journeyman TrCK of Xom (Lair:1)
  2 jorogumos
  4 salamander tyrants (Depths:2)
  6 hydras
  5 caustic shrike simulacra (IceCv)
  4 spriggan air magi (Depths:2)
  8 centaur warriors
  2 hell beasts (Depths:3)
  2 catoblepae
  5 radroaches
  3 merfolk avatars (Shoals:2)
  2 ogre magi (Orc:2)
  An alligator snapping turtle (Shoals:4)
  7 boulder beetles
  6 merfolk aquamancers
  Urug (Lair:3)
  2 tengu warriors
  6 deep troll earth magi
  14 two-headed ogres
  A deep troll shaman (Depths:2)
  10 satyrs
  2 death scarabs (Spider:1)
  20 death yaks
  2 spriggan berserkers (Depths:1)
  A sun demon (Depths:2)
  A shadow wraith (D:14)
  A titan skeleton (Depths:2)
  3 soul eaters
  4 iron trolls
  A sixfirhy (Depths:1)
  5 pharaoh ants
  4 skeletal warriors
  A golden dragon zombie (Depths:2)
  5 orb spiders
  5 steelbarb worms
  A sun moth (Spider:2)
  A bog body (IceCv)
  A quicksilver dragon simulacrum (Depths:3)
  2 glowing orange brains (Depths:2)
  10 sea snakes
  2 spriggan simulacra
  13 deep trolls
  2 obsidian statues (IceCv)
  A wizard (Depths:2)
  A deep elf pyromancer (D:14)
  2 necromancers
  An orc knight (Orc:1)
  Pikel (D:6)
  2 flayed ghosts
  2 harpies (Shoals:4)
  15 wolf spiders
  3 stone giant zombies (Orc:1)
  A salamander (shapeshifter) (D:15)
  13 ugly things
  15 fauns
  A shadow dragon skeleton (Depths:2)
  3 moths of wrath
  An orc sorcerer (Orc:2)
  26 manticores
  19 cyclopes
  Joseph (D:8)
  11 black mambas
  14 elephants
  8 merfolk sirens
  2 ice statues (Spider:2)
  2 rust devils (Depths:2)
  2 gargoyles
  6 water nymphs
  14 cane toads
  8 torpor snails
  6 komodo dragons
  4 rime drakes
  An unseen horror (D:6)
  Maggie (D:6)
  A kobold demonologist (D:6)
  4 demonic crawlers
  2 anaconda simulacra (IceCv)
  2 hellwings
  2 golden dragon simulacra (IceCv)
  4 freezing wraiths (IceCv)
  7 tengu conjurers
  3 red devils
  3 ice devils
  3 meliai (D:14)
  4 harpy zombies (Shoals:3)
  16 trolls
  4 wind drakes
  27 tarantellas
  35 merfolk
  Grinder (D:6)
  17 hornets
  3 blink frogs (Lair:4)
  10 snapping turtles
  4 slime creatures
  14 dream sheep
  A tarantella (shapeshifter) (D:14)
  17 jumping spiders
  Sigmund (D:3)
  14 culicivoras
  7 centaur simulacra (D:15)
  20 water elementals
  A ynoxinul (Depths:1)
  69 yaks
  2 shadows
  4 wraiths
  9 wyverns
  A neqoxec (Depths:2)
  Eustachio (D:6)
  A fire elemental (D:15)
  2 steam dragons
  6 basilisks
  A minotaur simulacrum (IceCv)
  7 vampire mosquitoes
  61 redbacks
  A human zombie (Depths:2)
  5 wargs (Orc:1)
  4 acid dragons
  19 water moccasins
  A hydra simulacrum (IceCv)
  12 orc warriors
  7 black bears
  2 sky beasts (D:8)
  2 ettin simulacra (IceCv)
  A manticore zombie (Shoals:3)
  An ice beast (D:8)
  31 centaurs
  13 wolves
  20 ogres
  A lemure (D:6)
  5 kobold brigands
  3 necrophages
  Blork the orc (D:5)
  8 bullfrogs
  A cyclops zombie (Orc:1)
  3 scorpions
  A deep troll simulacrum (IceCv)
  15 wights
  13 killer bees
  3 howler monkeys
  6 jellies
  2 gnoll boudas
  12 orc priests
  8 hounds
  3 iguanas
  Terence (D:3)
  14 orc wizards
  11 hell rats
  2 boggart simulacra
  12 gnolls
  9 adders
  A worm (D:2)
  6 dart slugs
  68 orcs
  2 bats (D:1)
  4 endoplasms
  7 giant cockroaches
  4 goblins
  12 hobgoblins
  2 quokkas (D:2)
  3 training dummies (Orc:2)
  6 ball pythons
  16 kobolds
  5 rats
1247 creatures vanquished.

Vanquished Creatures (collateral kills)
  A golden dragon (Depths:3)
  Frederick (Depths:2)
  An Ice Fiend (IceCv)
  A sphinx (Depths:3)
  A minotaur (Lair:5)
  An ice dragon (Depths:2)
  A merfolk siren (Shoals:2)
  A manticore (Shoals:2)
  2 elephants (Lair:5)
  A merfolk (Shoals:2)
  A yak (Lair:5)
  An orc priest (D:4)
  A ball lightning (Orc:1)
14 creatures vanquished.

Vanquished Creatures (others)
  3 eldritch tentacles
  A shadow wraith (D:14)
  A manticore (Shoals:4)
  A slime creature (D:14)
  A water moccasin (Lair:5)
  21 ball lightnings
  58 fungi
  145 plants
  2 starspawn tentacles (Shoals:2)
  9 tentacles (Shoals:1)
242 creatures vanquished.

Grand Total: 1503 creatures vanquished

Notes
Turn   | Place    | Note
-------+----------+-------------------------------------------
     0 | D:1      | zishaf the Djinni Venom Mage began the quest for the Orb.
     0 | D:1      | zishaf set off with the following spells memorised: Sting,
                  | Poisonous Vapours, Mephitic Cloud, Olgreb's Toxic Radiance.
     0 | D:1      | Reached XP level 1. HP: 15/15 MP: 0/0
   149 | D:1      | Reached XP level 2. HP: 20/22 MP: 0/0
   294 | D:1      | Reached skill level 1 in Fighting
   822 | D:2      | Reached XP level 3. HP: 24/27 MP: 0/0
   822 | D:2      | Learned a level 1 spell: Kiss of Death
  1197 | D:2      | Reached XP level 4. HP: 24/32 MP: 0/0
  1683 | D:2      | Identified the +1 chain mail "Hiys" {rElec rF+ rC+}
  1971 | D:3      | Noticed Sigmund
  1997 | D:3      | Killed Sigmund
  1998 | D:3      | Reached skill level 3 in Fighting
  1998 | D:3      | Reached XP level 5. HP: 18/40 MP: 0/0
  1998 | D:3      | Learned a level 2 spell: Ensorcelled Hibernation
  1998 | D:3      | Reached XP level 6. HP: 21/46 MP: 0/0
  2327 | D:3      | Noticed Terence
  2467 | D:3      | Killed Terence
  2951 | D:3      | Found a glowing golden altar of the Shining One.
  3052 | D:4      | Gained mutation: You possess an exceptional clarity of
                  | mind. [potion of mutation]
  3052 | D:4      | Gained mutation: You are frail. (-10% HP) [potion of
                  | mutation]
  3053 | D:4      | Lost mutation: You are frail. (-10% HP) [potion of
                  | mutation]
  3053 | D:4      | Lost mutation: You possess an exceptional clarity of mind.
                  | [potion of mutation]
  3053 | D:4      | Gained mutation: Your body sometimes deteriorates upon
                  | taking damage. [potion of mutation]
  3053 | D:4      | Gained mutation: You are strong-willed. (Will+) [potion of
                  | mutation]
  3115 | D:4      | Reached XP level 7. HP: 30/50 MP: 0/0
  3115 | D:4      | Learned a level 3 spell: Dazzling Flash
  3118 | D:4      | Reached skill level 5 in Spellcasting
  3359 | D:4      | Reached skill level 4 in Fighting
  3484 | D:4      | Found Noiriome's Antique Weapon Boutique.
  3674 | D:4      | Found a glowing silver altar of Zin.
  3933 | D:4      | Reached XP level 8. HP: 55/58 MP: 0/0
  4084 | D:5      | Entered Level 5 of the Dungeon
  4139 | D:5      | Reached skill level 5 in Fighting
  4139 | D:5      | Reached skill level 1 in Evocations
  4575 | D:5      | Noticed Blork the orc
  4583 | D:5      | Killed Blork the orc
  5000 | D:6      | Reached XP level 9. HP: 54/65 MP: 0/0
  5000 | D:6      | Learned a level 3 spell: Inner Flame
  5092 | D:6      | Noticed Maggie
  5101 | D:6      | Killed Maggie
  5192 | D:6      | Found a staircase to the Ecumenical Temple.
  5211 | Temple   | Entered the Ecumenical Temple
  5252 | Temple   | Became a worshipper of Makhleb the Destroyer
  5292 | D:6      | Reached skill level 6 in Fighting
  5293 | D:6      | Reached skill level 1 in Invocations
  5487 | D:6      | Killed an unseen horror
  5678 | D:6      | Noticed Eustachio
  5709 | D:6      | Killed Eustachio
  5723 | D:6      | Noticed Pikel
  5744 | D:6      | Killed Pikel
  5745 | D:6      | Reached XP level 10. HP: 23/73 MP: 0/0
  5940 | D:6      | Noticed Grinder
  5941 | D:6      | Noticed a kobold demonologist
  5944 | D:6      | Noticed an orange demon
  5972 | D:6      | Killed a kobold demonologist
  5973 | D:6      | Reached skill level 1 in Long Blades
  5985 | D:6      | Killed Grinder
  5986 | D:6      | Reached skill level 7 in Fighting
  6296 | D:6      | Found an ornate altar of the Wu Jian Council.
  6301 | D:6      | Found a hide-covered altar of Uskayaw.
  6314 | D:6      | Reached skill level 5 in Evocations
  6492 | D:7      | Found a broken altar of Ashenzari.
  6693 | D:7      | Reached * piety under Makhleb
  7267 | D:7      | Found a white marble altar of Elyvilon.
  7483 | D:7      | Found a basalt altar of Yredelemnul.
  7651 | D:8      | Noticed Joseph
  7672 | D:8      | Killed Joseph
  8075 | D:8      | Noticed Gastronok
  8178 | D:8      | Found an iron altar of Okawaru.
  8252 | D:8      | Reached XP level 11. HP: 63/80 MP: 0/0
  8252 | D:8      | Learned a level 5 spell: Lightning Bolt
  8507 | D:8      | Killed Gastronok
  8508 | D:8      | Reached skill level 8 in Fighting
  8508 | D:8      | Reached skill level 5 in Invocations
  9297 | D:9      | Found a sparkling altar of Nemelex Xobeh.
  9405 | D:9      | Reached ** piety under Makhleb
  9831 | D:9      | Noticed a two-headed ogre
  9845 | D:9      | Killed a two-headed ogre
  9846 | D:9      | Reached skill level 10 in Spellcasting
 10388 | D:9      | Found an opulent altar of Gozag.
 10689 | D:10     | Entered Level 10 of the Dungeon
 10962 | D:10     | Reached skill level 9 in Fighting
 10972 | D:10     | Reached XP level 12. HP: 79/89 MP: 0/0
 11160 | D:10     | Found a staircase to the Orcish Mines.
 12110 | D:11     | Noticed a two-headed ogre
 12117 | D:11     | Killed a two-headed ogre
 12131 | D:11     | Reached *** piety under Makhleb
 12170 | D:11     | Noticed a two-headed ogre
 12178 | D:11     | Killed a two-headed ogre
 12179 | D:11     | Reached skill level 10 in Fighting
 12583 | D:11     | Found a staircase to the Lair.
 12591 | Lair:1   | Entered Level 1 of the Lair of Beasts
 12902 | Lair:1   | Found a runed translucent door.
 13193 | Lair:1   | Noticed demibob's ghost (journeyman TrCK)
 13269 | Lair:1   | Killed demibob's ghost
 13669 | Lair:2   | Reached XP level 13. HP: 86/97 MP: 0/0
 13669 | Lair:2   | Learned a level 5 spell: Lee's Rapid Deconstruction
 13759 | Lair:2   | Reached **** piety under Makhleb
 13760 | Lair:2   | Reached skill level 11 in Fighting
 14016 | Lair:2   | Identified the amulet of Myogguff {Reflect SH+5 SInv}
 14762 | Lair:3   | Reached skill level 10 in Invocations
 14783 | Lair:3   | Found a hole to the Spider Nest.
 15309 | Lair:3   | Noticed a seven-headed hydra
 15317 | Lair:3   | Killed a seven-headed hydra
 15318 | Lair:3   | Reached skill level 12 in Fighting
 15402 | Lair:3   | Found a staircase to the Shoals.
 15633 | Lair:3   | Noticed a six-headed hydra
 15637 | Lair:3   | Killed a six-headed hydra
 15989 | Lair:3   | Noticed Urug
 15996 | Lair:3   | Killed Urug
 15997 | Lair:3   | Reached XP level 14. HP: 81/107 MP: 0/0
 16206 | Lair:4   | Noticed Nessos
 16210 | Lair:3   | Reached ***** piety under Makhleb
 16406 | Lair:4   | Killed Nessos
 17177 | Lair:4   | Found a viscous altar of Jiyva.
 17177 | Lair:4   | Found a staircase to the Slime Pits.
 17274 | Lair:5   | Entered Level 5 of the Lair of Beasts
 18134 | Lair:5   | Reached skill level 13 in Fighting
 18134 | Lair:5   | Reached skill level 5 in Long Blades
 18309 | Lair:5   | Found a runed translucent gate.
 18309 | Lair:5   | Found a runed translucent gate.
 18309 | Lair:5   | Noticed a minotaur
 18310 | Lair:5   | Found a runed translucent gate.
 18310 | Lair:5   | Noticed jejorda2's ghost (journeyman MfBe)
 19347 | Lair:5   | Reached XP level 15. HP: 115/115 MP: 0/0
 19347 | Lair:5   | Learned a level 6 spell: Conjure Ball Lightning
 21337 | Orc:1    | Entered Level 1 of the Orcish Mines
 21443 | Orc:1    | Found a runed translucent gate.
 21443 | Orc:1    | Found a runed translucent gate.
 21444 | Orc:1    | Found a runed translucent gate.
 21446 | Orc:1    | Noticed Dramamine's ghost (journeyman DsWn)
 21725 | Orc:1    | Killed Dramamine's ghost
 21865 | Orc:2    | Entered Level 2 of the Orcish Mines
 21892 | Orc:2    | Found Womomih's Firing Range.
 22245 | Orc:2    | Reached ****** piety under Makhleb
 22444 | Orc:1    | Reached skill level 14 in Fighting
 22945 | Orc:1    | Identified the +10 rapier of Gitsi {freeze, rElec rCorr}
 22946 | Orc:1    | Noticed a frost giant
 22973 | Orc:1    | Killed a frost giant
 23522 | Orc:1    | Identified the +9 dagger "Toicreje" {flame, rF++ rCorr
                  | Str-4 Dex+4}
 23982 | Orc:2    | Reached XP level 16. HP: 107/124 MP: 0/0
 24265 | Orc:2    | Found Zexuy's Antique Armour Shop.
 24500 | Orc:2    | Found Lafeub's Armour Boutique.
 24500 | Orc:2    | Found a staircase to the Elven Halls.
 24522 | Orc:2    | Found Imutiusk's Antique Weapon Shoppe.
 24531 | Orc:2    | Found Odwialukh's Jewellery Boutique.
 24998 | D:12     | Lost mutation: Your body sometimes deteriorates upon taking
                  | damage. [potion of mutation]
 24998 | D:12     | Lost mutation: You are strong-willed. (Will+) [potion of
                  | mutation]
 24998 | D:12     | Gained mutation: You are agile. (Dex +4, Str/Int -1)
                  | [potion of mutation]
 24998 | D:12     | Gained mutation: You are robust. (+10% HP) [potion of
                  | mutation]
 25862 | Orc:2    | Bought a pair of embroidered gloves for 232 gold pieces
 27213 | D:13     | Found a gate to the Vaults.
 27590 | D:13     | Reached skill level 15 in Fighting
 27869 | D:14     | Reached skill level 1 in Shields
 28142 | D:14     | Found a snail-covered altar of Cheibriados.
 28650 | D:14     | Reached XP level 17. HP: 136/144 MP: 0/0
 28650 | D:14     | Learned a level 6 spell: Starburst
 28678 | D:14     | Found the +5 robe of Night {Dark Will+ SInv}
 28799 | D:15     | Entered Level 15 of the Dungeon
 29079 | D:15     | Found a staircase to the Depths.
 29148 | D:15     | Found a runed translucent gate.
 29149 | D:15     | Found a runed translucent gate.
 29149 | D:15     | Found a runed translucent gate.
 29153 | D:15     | Noticed Ganul's ghost (journeyman DsGl)
 29258 | D:15     | Identified the ring "Suskates" {Fire *Slow +Blink rCorr}
 30341 | Spider:1 | Entered Level 1 of the Spider Nest
 31173 | Spider:1 | Noticed lesbiats's ghost (journeyman TrFi)
 31192 | Spider:1 | Noticed Aizul
 31204 | Spider:1 | Killed Aizul
 31447 | Spider:1 | Found a transporter.
 31451 | Spider:1 | Found a transporter.
 32328 | Spider:2 | Found a frozen archway.
 32352 | IceCv    | Entered an ice cave
 32785 | IceCv    | Reached skill level 10 in Long Blades
 33428 | IceCv    | Noticed an Ice Fiend
 33428 | IceCv    | Noticed an Ice Fiend
 33433 | IceCv    | Killed an Ice Fiend
 33443 | IceCv    | Killed an Ice Fiend
 33444 | IceCv    | Reached skill level 5 in Shields
 34537 | Spider:2 | Reached XP level 18. HP: 146/152 MP: 0/0
 34814 | Spider:2 | Reached skill level 16 in Fighting
 35862 | Spider:3 | Reached skill level 15 in Invocations
 37311 | Shoals:1 | Entered Level 1 of the Shoals
 37782 | Shoals:1 | Found Paunowin's Overcharged Wands.
 37997 | Shoals:1 | Noticed a kraken
 38013 | Shoals:1 | Killed a kraken
 38303 | Shoals:1 | Found a runed translucent gate.
 38303 | Shoals:1 | Found a runed translucent gate.
 38303 | Shoals:1 | Found a runed translucent gate.
 38308 | Shoals:1 | Noticed Danakkis's ghost (adept DsBe)
 38509 | Shoals:2 | Found Juleha's Book Shop.
 38619 | Shoals:2 | Noticed Mlioglotl
 38629 | Shoals:2 | Killed Mlioglotl
 38811 | Shoals:2 | HP: 7/155 [merfolk javelineer/silver javelin (5)]
 39693 | Shoals:2 | Noticed Polyphemus
 39841 | Shoals:1 | Reached XP level 19. HP: 77/161 MP: 0/0
 39841 | Shoals:1 | Learned a level 6 spell: Dispersal
 40482 | Shoals:2 | Killed Polyphemus
 41686 | Shoals:3 | Reached skill level 1 in Armour
 42742 | Spider:4 | Entered Level 4 of the Spider Nest
 42756 | Spider:4 | Reached skill level 15 in Spellcasting
 43726 | Spider:4 | Identified the +11 mace of Giyff {vorpal, MP+9 Str+5}
 44139 | Spider:4 | Reached skill level 17 in Fighting
 44750 | Spider:4 | Identified the +2 pair of gloves of Elyvilon's Whim {Harm
                  | SInv Stlth+}
 44777 | Spider:4 | Got a gossamer rune of Zot
 45119 | Shoals:4 | Entered Level 4 of the Shoals
 45306 | Shoals:4 | Noticed Bai Suzhen
 45325 | Shoals:4 | Killed Bai Suzhen
 45543 | Shoals:4 | Reached skill level 5 in Dodging
 45776 | Shoals:4 | Reached XP level 20. HP: 127/170 MP: 0/0
 46444 | Shoals:4 | Got a barnacled rune of Zot
 46457 | Shoals:4 | Identified the +6 long sword of Agony {pain, rPois Stlth+}
 47588 | Depths:1 | Entered Level 1 of the Depths
 47928 | Depths:1 | Found a gateway to Hell.
 48494 | Depths:1 | Gained mutation: You are partially covered in iridescent
                  | scales. (AC +2) [a cacodemon]
 48504 | Depths:1 | Gained mutation: Your spells are a little easier to cast,
                  | but a little less powerful. [a cacodemon]
 49027 | Depths:1 | Found a one-way gate leading to the halls of Pandemonium.
 49619 | D:15     | Killed Ganul's ghost
 49923 | D:15     | Reached XP level 21. HP: 177/177 MP: 0/0
 49923 | D:15     | Learned a level 7 spell: Malign Gateway
 50241 | Lair:5   | Killed jejorda2's ghost
 50585 | Shoals:1 | Identified the +3 helmet of Qinipnu {-Cast rF+ Str+5}
 50686 | Shoals:1 | Killed Danakkis's ghost
 50770 | Shoals:1 | Lost mutation: Your spells are a little easier to cast, but
                  | a little less powerful. [potion of mutation]
 50770 | Shoals:1 | Lost mutation: You are robust. (+10% HP) [potion of
                  | mutation]
 50770 | Shoals:1 | Gained mutation: Your mind is acute. (Int +4, Str/Dex -1)
                  | [potion of mutation]
 50770 | Shoals:1 | Gained mutation: You possess an exceptional clarity of
                  | mind. [potion of mutation]
 50770 | Shoals:1 | Gained mutation: You occasionally shout uncontrollably at
                  | your foes. [potion of mutation]
 51086 | Spider:1 | Killed lesbiats's ghost
 51379 | Spider:1 | Identified the +4 falchion of Poverty {elec, Str+2}
 52695 | Depths:2 | Reached XP level 22. HP: 36/168 MP: 0/0
 53573 | Depths:2 | Reached skill level 18 in Fighting
 53741 | Depths:2 | Found a blossoming altar of Fedhas.
 54403 | Depths:2 | Noticed Frederick
 54414 | Depths:2 | Killed Frederick
 55156 | Depths:2 | Identified the +11 arbalest of the Madman {vorpal, Fragile
                  | rElec rN+}
 55367 | Depths:3 | Noticed a golden dragon
 55634 | Depths:3 | Killed a golden dragon
 55836 | Depths:2 | Identified the +8 battleaxe of Miwk {flame, Int+4}
 56345 | Depths:3 | Noticed a caustic shrike
 56357 | Depths:2 | Slain by a caustic shrike

Illustrated notes

Levels and vault maps discovered:
D:1:      eino_arrival_cavern_b, layout_rooms, minmay_misc_feat_secret_circle
D:2:      layout_basic
D:3:      layout_basic, tso_altar, uniq_sigmund, uniq_terence
D:4:      layout_cave_pools, nicolae_overflow_crystal_walls,
          lemuel_coloured_pillars_altar, mainiacjoe_overflow_surrounded_room,
          serial_shops, nicolae_shop_behind_doors
D:5:      layout_rooms, uniq_blork_the_orc
D:6:      layout_basic, mainiacjoe_overflow_catwalk_spiral,
          minmay_temple_entry_grid, uniq_pikel, uniq_grinder, uniq_eustachio,
          uniq_maggie
D:7:      layout_basic, mainiacjoe_overflow_chevrons, kennysheep_ying_yang,
          dreamdust_wishing_well
D:8:      layout_gridville, okawaru_metal_pillars_3, uniq_joseph, uniq_gastronok
D:9:      layout_loops_cross, grunt_gozag_breadcrumbs, amcnicky_altar_gilded,
          special_room [special_room_orc], kennysheep_cross_bottleneck,
          nicolae_two_hexagons, minmay_between
D:10:     layout_basic, orc_0_dummy
D:11:     layout_loops_ring, lair_entry_dummy
D:12:     layout_rooms
D:13:     layout_loops_ring, skrybe_vaults_entry_preservation, serial_aquarium,
          aquarium_bridge_square [aquarium_subvault_wall,
          aquarium_subvault_wall, aquarium_subvault_bridge,
          aquarium_subvault_balcony], aquarium_window_1, aquarium_window_1,
          aquarium_window_1, aquarium_view_2e, kennysheep_generic_room_10
D:14:     layout_long_grid, cheibriados_altar_1, hex_medium,
          hellmonk_guarded_unrand_night
D:15:     hangedman_depths_entry_civil_slaughter, layout_basic,
          gammafunk_ghost_icy
Temple:   nicolae_temple_ecumenical_triangle
Lair:1:   layout_roguey, ebering_ghost_reflecting_pool,
          grunt_forest_stairs_basic, lemuel_fruit_tree
Lair:2:   layout_long_grid, beast_lair_carwin_2, grunt_megastairs_3
Lair:3:   layout_roguey, minmay_shoals_entry_centaurs,
          nicolae_spider_entry_orb_guardian, minmay_shattered_shrine, uniq_urug
Lair:4:   layout_long_grid, dpeg_slime_entry_enclosed, uniq_nessos
Lair:5:   hangedman_lair_tendril_chambers, layout_cave_pods,
          maelrawn_ghost_gauntlet_escape, lemuel_old_faithful
Shoals:1: layout_shoals, gammafunk_ghost_tricky_traps,
          nicolae_shop_overcharged_wands
Shoals:2: layout_shoals, serial_shops, shop_coins, uniq_mlioglotl,
          uniq_polyphemus
Shoals:3: layout_shoals, nicolae_shoals_undead_eyrie
Shoals:4: shoals_end_hellmonk_lost_city, uniq_bai_suzhen
Spider:1: layout_spider_delve, gammafunk_ghost_arena, uniq_aizul
Spider:2: nicolae_spider_hilbert_zone_6 [nicolae_spider_hilbert_4_sides_1_open,
          nicolae_spider_hilbert_4_sides_1_open,
          nicolae_spider_hilbert_4_sides_1_open,
          nicolae_spider_hilbert_4_sides_1_open,
          nicolae_spider_hilbert_4_sides_1_open,
          nicolae_spider_hilbert_4_sides_1_open,
          nicolae_spider_hilbert_4_sides_1_open],
          portal_ice_cave_entry_ice_statue_two, drop_trap,
          spiders_nest_hornet_nest
Spider:3: layout_cave_pods, nicolae_spider_paper_wasps
Spider:4: spider_rune_water
Orc:1:    giant_chief_lemuel, layout_caves, gammafunk_ghost_split
Orc:2:    st_orc_open, layout_diamond_mine, nicolae_shop_firing_range
Depths:1: layout_gridlike, chequers_serial_rivers_micro_d,
          rand_demon_pan_entry_9, hell_entry, minmay_fountain_box, minivault_14,
          dk_noncrumbling_3, kennysheep_two_boxes
Depths:2: evilmike_halls_of_destruction, layout_cross, grunt_pan_entry_spiral,
          serial_bayou_pond_e, hangedman_coc_ice_floe, fedhas_altar_fruit_tree,
          infiniplex_staircase_hallway_doors
Depths:3: minmay_swirls_squares, layout_honeycomb,
          nicolae_abyss_entry_one_way_or_another, pan_entry,
          nicolae_hepliaklqana_hazy_memory, grunt_mini_vestibule,
          uniq_enchantress

Skill      XL: |  1  2  3  4  5  6  7  8  9 10 11 12 13 14 15 16 17 18 19 20 21 22 |
---------------+-------------------------------------------------------------------+-----
Fighting       | 1 3 4 5 6 7 9 10 12 13 14 15 16 17 18 | 18.3
Spellcasting   | 3 4 5 6 7 8 10 11 12 13 14 15 16 | 16.0
Evocations     | 2 4 5 7 8 9 |  9.1
Invocations    | 2 4 6 8 10 11 13 14 15 16 17 | 17.4
Long Blades    | 3 5 7 9 10 11 12 13 | 13.5
Shields        | 2 5 7 8 |  8.0
Armour         | 3 4 |  4.0
Dodging        | 5 6 |  6.0
Stealth        | |  1.5

Action                   |  1- 3 |  4- 6 |  7- 9 | 10-12 | 13-15 | 16-18 | 19-21 | 22-24 || total
-------------------------+-------+-------+-------+-------+-------+-------+-------+-------++-------
Melee: Dagger            |       |       |    70 |       |       |       |       |       ||    70
       Punch             |       |       |     4 |     4 |     5 |       |       |       ||    13
       Unarmed           |       |       |     1 |       |       |       |       |       ||     1
       Falchion          |       |       |    25 |   157 |    20 |       |       |       ||   202
       Staff             |       |       |       |       |     3 |     3 |       |       ||     6
       Double sword      |       |       |       |       |    94 |   242 |   344 |   156 ||   836
 Cast: Sting             |    72 |    69 |   129 |    32 |       |       |     4 |       ||   306
       Poisonous Vapours |     4 |    14 |    16 |    64 |   121 |   205 |   152 |     6 ||   582
       Mephitic Cloud    |       |     8 |     7 |    20 |    10 |     1 |     2 |     1 ||    49
       Olgreb's Toxic Ra |       |     1 |     3 |    31 |    54 |    36 |    34 |     1 ||   160
       Dazzling Flash    |       |       |     1 |     7 |    14 |       |     1 |       ||    23
       Inner Flame       |       |       |     1 |    45 |   122 |   236 |   157 |    11 ||   572
       Lightning Bolt    |       |       |       |    64 |   123 |   158 |    82 |    37 ||   464
       Lee's Rapid Decon |       |       |       |       |     2 |    12 |     2 |    25 ||    41
       Conjure Ball Ligh |       |       |       |       |     8 |       |       |       ||     8
       Starburst         |       |       |       |       |       |    11 |     5 |       ||    16
       Dispersal         |       |       |       |       |       |       |     1 |       ||     1
       Malign Gateway    |       |       |       |       |       |       |     1 |     2 ||     3
Invok: Lesser Servant of |       |       |       |       |     1 |       |       |       ||     1
       Greater Servant o |       |       |       |       |       |     3 |       |       ||     3
Evoke: Wand              |       |       |    22 |     9 |       |     5 |     9 |     2 ||    47
       Tin of tremorston |       |       |       |       |       |     2 |     2 |       ||     4
       Phantom mirror    |       |       |       |       |       |       |     1 |     1 ||     2
  Use: Scroll            |       |     9 |     5 |     8 |    12 |     6 |     8 |       ||    48
       Potion            |       |     2 |       |       |     5 |     6 |     5 |     2 ||    20
 Stab: Invisible         |       |       |     1 |       |       |       |     1 |       ||     2
       Confused          |       |       |       |     7 |       |     2 |       |     1 ||    10
       Sleeping          |       |       |       |     4 |       |     2 |       |       ||     6
       Distracted        |       |       |       |       |     2 |     1 |     6 |     5 ||    14
Armor: Robe              |     7 |     1 |    87 |       |       |       |       |       ||    95
       Leather armour    |       |       |       |   105 |   131 |   176 |   146 |    47 ||   605
Dodge: Dodged            |    28 |    12 |   117 |   178 |   294 |   255 |   261 |    67 ||  1212
Block: Other             |       |       |       |       |    92 |    21 |       |       ||   113
       Reflection        |       |       |       |       |     6 |    53 |    38 |     3 ||   100
       Buckler           |       |       |       |       |       |   218 |   284 |    70 ||   572

Table legend: (Time is in decaauts)
 A = Elapsed time spent in this place.
 B = Non-inter-level travel time spent in this place.
 C = Inter-level travel time spent in this place.
 D = Time resting spent in this place.
 E = Time spent auto-exploring this place.
 F = Levels seen in this place.
 G = Mean time per level.
                   A        B        C        D        E       F      G
               +--------+--------+--------+--------+--------+-----+--------+
         Total |  56498 |  52312 |   4186 |  17842 |  24715 |  35 | 1614.2 |
       Dungeon |  19293 |  17968 |   1325 |   3424 |  11524 |  15 | 1286.2 |
        Temple |     54 |     31 |     23 |      0 |     25 |   1 |   54.0 |
          Lair |   9479 |   8316 |   1163 |   2912 |   3776 |   5 | 1895.8 |
        Shoals |   7982 |   7681 |    301 |   3207 |   3041 |   4 | 1995.5 |
   Spider Nest |   8305 |   7355 |    950 |   2755 |   3353 |   4 | 2076.2 |
  Orcish Mines |   3490 |   3235 |    255 |    661 |   1782 |   2 | 1745.0 |
        Depths |   6138 |   5971 |    167 |   3525 |   1136 |   3 | 2046.0 |
      Ice Cave |   1753 |   1753 |      0 |   1357 |     78 |   1 | 1753.0 |
               +--------+--------+--------+--------+--------+-----+--------+

Top non-repeatable levels by time:
Depths:2: 3099 daAuts
Depths:1: 2874 daAuts
Spider:1: 2868 daAuts
  Lair:4: 2792 daAuts
Shoals:1: 2680 daAuts
  Lair:3: 2637 daAuts
Spider:4: 2162 daAuts
   Orc:1: 2009 daAuts
  Lair:5: 2002 daAuts
    D:15: 1997 daAuts
Shoals:4: 1991 daAuts
Spider:3: 1837 daAuts
     D:9: 1771 daAuts
   IceCv: 1753 daAuts
Shoals:3: 1724 daAuts
